 Dungeon Crawl Stone Soup version 0.21.1-1-g345015f (webtiles) character file.

96 shitimlost the Sneak (level 4, 0/34 HPs)
             Began as a Vampire Assassin on Feb 18, 2018.
             Slain by a hound (6 damage)
             ... on level 2 of the Dungeon.
             The game lasted 00:03:12 (2284 turns).

shitimlost the Sneak (Vampire Assassin)             Turns: 2284, Time: 00:03:12

Health: 0/34       AC:  0    Str: 11    XL:     4   Next: 41%
Magic:  4/4        EV: 20    Int: 13    God:
Gold:   100        SH:  0    Dex: 20    Spells: 3/3 levels left

rFire    . . .     SeeInvis +   (weapon currently unavailable)
rCold    + . .     Gourm    .   (shield currently unavailable)
rNeg     + + .     Faith    .   (armour currently unavailable)
rPois    +         Spirit   .   (helmet currently unavailable)
rElec    .         Reflect  .   (cloak currently unavailable)
rCorr    .         Harm     .   (gloves currently unavailable)
MR       .....                  (boots currently unavailable)
Stlth    ++++++....             (no amulet)
HPRegen  0.05/turn              (ring currently unavailable)
MPRegen  0.09/turn              (ring currently unavailable)

@: bat-form, flying, regenerating slowly, very quick
A: tiny, fangs 3, see invisible
a: End Transformation


You were on level 2 of the Dungeon.
You were thirsty.
You were in vampire-bat-form.
You visited 1 branch of the dungeon, and saw 3 of its levels.

You collected 100 gold pieces.

Inventory:

Hand Weapons
 a - a +2 dagger
 b - a +0 blowgun (melded)
Missiles
 e - 4 poisoned needles
 f - 2 curare-tipped needles
 i - 71 stones (quivered)
 n - 19 sling bullets
 s - 4 tomahawks
Armour
 c - a +0 robe (melded)
 d - a +0 cloak (melded)
 y - a +0 buckler (melded)
Jewellery
 o - a cursed ring of loudness {unknown}
 u - an uncursed amulet of harm {unknown}
 A - an uncursed ring of ice {unknown}
Scrolls
 h - a scroll of enchant armour {unknown}
 k - a scroll of blinking {unknown}
 m - 2 scrolls of identify {unknown}
 p - a scroll of random uselessness {unknown}
 t - 2 scrolls of remove curse {unknown}
 v - a scroll of fear {unknown}
Potions
 g - 16 potions of blood
 j - a potion of invisibility {unknown}
 l - a potion of degeneration {unknown}
 q - 2 potions of haste {unknown}
 r - 2 potions of curing {unknown}
 w - a potion of cancellation {unknown}
 x - a potion of heal wounds {unknown}
 z - a potion of brilliance {unknown}


   Skills:
 + Level 2.4 Fighting
 + Level 2.9 Short Blades
 + Level 2.2 Throwing
 + Level 2.2 Dodging
 + Level 6.6 Stealth


You had 3 spell levels left.
You didn't know any spells.

Dungeon Overview and Level Annotations

Branches:
Dungeon (3/15)

Altars:
Cheibriados
Trog


Innate Abilities, Weirdness & Mutations

You heal slowly.
You have razor-sharp teeth.
You have supernaturally acute eyesight. (SInv)
((You can survive without breathing.))


Message History

The hound barely misses you. x2
Firing (i - inventory. (,) - cycle):
e - 6 poisoned needles (quivered)
Press: ? - help, Shift-Dir - straight line, f/p - hound
Aim: a hound You shoot a poisoned needle.
The poisoned needle closely misses the hound.
The hound bites you but does no damage.
Firing (i - inventory. (,) - cycle):
e - 5 poisoned needles (quivered)
Press: ? - help, Shift-Dir - straight line, f/p - hound
Aim: a hound You shoot a poisoned needle.
The poisoned needle closely misses the hound.
The hound bites you.
* * * LOW HITPOINT WARNING * * *
The hound closely misses you.
You turn into a vampire bat.
Your +0 blowgun melds into your body.
Your +0 cloak melds into your body.
Your +0 buckler melds into your body.
Your +0 robe melds into your body.
The hound barely misses you. The hound bites you.
You die...

#.# #.# #.# #.# #.# #.# #.# #.#
#.# #.#
##########.############.#
#.....................#.#
#.########.##########.#.#
#.#....#..b.........#.#.#
#.#.......h..######.#.#.###
#.####.#.#....# #.#.#...# #.#
#.#...#..# #h#.#.### #.#
#.....#..# #.#.#.#
#######.##########..#####.#.#.#
.....(......>.............#.#.#
#######.####.##############.#.#
.............)..............#.#


You could see a hound.

Vanquished Creatures
  A hound (D:3)
  2 adders (D:2)
  A dart slug (D:2)
  A ball python (D:2)
  7 bats
  6 giant cockroaches
  3 goblins (D:1)
  5 hobgoblins
  2 jackals (D:2)
  5 kobolds
  2 quokkas (D:2)
  3 frilled lizards
  6 rats
44 creatures vanquished.

Notes
Turn   | Place    | Note
-------+----------+-------------------------------------------
     0 | D:1      | shitimlost the Vampire Assassin began the quest for the Orb.
     0 | D:1      | Reached XP level 1. HP: 16/16 MP: 1/1
    71 | D:1      | Reached skill level 6 in Stealth
   348 | D:1      | Reached XP level 2. HP: 22/22 MP: 2/2
   989 | D:2      | Reached XP level 3. HP: 27/27 MP: 3/3
  2021 | D:2      | Found a bloodstained altar of Trog.
  2021 | D:2      | Found a snail-covered altar of Cheibriados.
  2124 | D:2      | Reached XP level 4. HP: 33/34 MP: 4/4
  2284 | D:2      | Slain by a hound

Skill      XL: |  1  2  3 |
---------------+----------+-----
Stealth        | 6 |  6.6
Fighting       | 2 |  2.4
Throwing       | 2 |  2.2
Dodging        | 2 |  2.2
Short Blades   | |  2.9

Action                   |  1- 3 |  4- 6 || total
-------------------------+-------+-------++-------
Melee: Dagger            |   149 |    21 ||   170
       Bite              |    15 |     1 ||    16
 Fire: Blowgun           |       |     4 ||     4
 Abil: Bat Form          |       |     1 ||     1
  Use: Potion            |     1 |     1 ||     2
 Stab: Sleeping          |    20 |       ||    20
Armor: Robe              |    30 |     8 ||    38
Dodge: Dodged            |    77 |    15 ||    92
Block: Buckler           |     3 |     8 ||    11
